 Dungeon Crawl Stone Soup version 0.26-a0-291-g3d11bbfad5 (webtiles) character file.

Game seed: 1918708851970995962

70 BritishOli the Skirmisher (level 4, 0/35 HPs)
             Began as a Demonspawn Fighter on July 14, 2020.
             Slain by a hobgoblin (4 damage)
             ... led by Robin
             ... on level 2 of the Dungeon.
             The game lasted 00:01:11 (1434 turns).

BritishOli the Skirmisher (Demonspawn Fighter)      Turns: 1434, Time: 00:01:12

Health: 0/35       AC:  8    Str: 17    XL:     4   Next: 3%
Magic:  4/4        EV:  7    Int: 10    God:
Gold:   134        SH:  9    Dex: 12    Spells: 3/3 levels left

rFire    . . .     SeeInvis .   a - +0 long sword
rCold    . . .     Faith    .   c - +0 kite shield
rNeg     . . .     Spirit   .   b - +0 scale mail
rPois    .         Reflect  .   (no helmet)
rElec    .         Harm     .   (no cloak)
rCorr    .                      (no gloves)
MR       .....                  (no boots)
Stlth    ..........             (no amulet)
HPRegen  0.11/turn              (no ring)
MPRegen  0.09/turn              (no ring)

@: no status effects
A: slimy green scales 1, powered by pain 1
a: no special abilities


You were on level 2 of the Dungeon.
You visited 1 branch of the dungeon, and saw 2 of its levels.

You collected 134 gold pieces.

Inventory:

Hand Weapons
 a - a +0 long sword (weapon)
Armour
 b - a +0 scale mail (worn)
 c - a +0 kite shield (worn)
Jewellery
 g - an uncursed amulet of faith {unknown}
 i - an uncursed ring of resist corrosion {unknown}
Scrolls
 e - a scroll of amnesia {unknown}
 h - 2 scrolls of noise {unknown}
 k - 2 scrolls of identify {unknown}
 l - a scroll of teleportation {unknown}
Potions
 d - a potion of might
 f - a potion of mutation {unknown}
 j - a potion of flight {unknown}
 m - 2 potions of lignification {unknown}


   Skills:
 + Level 3.5 Fighting
 + Level 2.4 Long Blades
 + Level 3.2 Armour
 + Level 3.2 Shields


You had 3 spell levels left.
You didn't know any spells.
Your spell library was empty.

Dungeon Overview and Level Annotations

Branches:
Dungeon (2/15)

Altars:

Annotations:
D:2 Robin


Innate Abilities, Weirdness & Mutations

You are partially covered in slimy green scales. (AC +2)
You sometimes gain a little power by taking damage.


Message History

The goblin no longer looks unusually strong. x2
The goblin hits you.
* * * LOW HITPOINT WARNING * * *
The goblin hits you but does no damage. You block the goblin's attack. x2
You closely miss the goblin.
The goblin no longer looks unusually strong.
The goblin hits you but does no damage.
The goblin hits you with a cursed -2 dagger.
* * * LOW HITPOINT WARNING * * *
The goblin barely misses you.
The hobgoblin hits you but does no damage.
You block the goblin's attack. x2
Unknown command.
You closely miss the goblin. The goblin hits you but does no damage.
You block the goblin's attack. The goblin hits you but does no damage.
You block the hobgoblin's attack. The goblin hits you but does no damage.
The goblin barely misses you.
You riposte.
You closely miss the goblin. The goblin hits you but does no damage.
You block the goblin's attack. The goblin hits you but does no damage.
The hobgoblin hits you.
You die...

.............## ..
.............#. ...
##....#.......... ....
##.....#.......[..
....##...........##....
.....g...!.............
#...ggg...............
..#####gg...##......#.#.
.............g@gg............+.
........######gg...?.....#<#+#.
........+ ..##..........###....
..........# #.##...........).....
..........# #.##.................
..........###.##.........(....#..
..............##.......#......###
.......##.....##..............# #
..<....#..#'#..#......##......#..


You could see Robin, 5 hobgoblins and 5 goblins.

Vanquished Creatures
  2 adders (D:2)
  A worm (D:2)
  A dart slug (D:1)
  2 leopard geckos
  4 bats
  A giant cockroach (D:1)
  10 goblins
  5 hobgoblins
  4 jackals (D:1)
  3 kobolds
  A ball python (D:2)
  A frilled lizard (D:1)
  7 rats
42 creatures vanquished.

Notes
Turn   | Place    | Note
-------+----------+-------------------------------------------
     0 | D:1      | BritishOli the Demonspawn Fighter began the quest for the
                  | Orb.
     0 | D:1      | Reached XP level 1. HP: 18/18 MP: 1/1
    30 | D:1      | Gained mutation: You are partially covered in slimy green
                  | scales. (AC +2) [demonic ancestry]
    30 | D:1      | Reached XP level 2. HP: 17/24 MP: 2/2
   912 | D:2      | Gained mutation: You sometimes gain a little power by
                  | taking damage. [demonic ancestry]
   912 | D:2      | Reached XP level 3. HP: 29/29 MP: 3/3
  1422 | D:2      | Noticed Robin
  1427 | D:2      | Reached XP level 4. HP: 26/35 MP: 4/4
  1434 | D:2      | Slain by a hobgoblin

Illustrated notes

Levels and vault maps discovered:
D:1:      dpeg_arrival_ratfight, layout_basic, serial_bayou_pond_c
D:2:      cheibrodos_greedy_goblins, layout_basic, st_stairs_13, uniq_robin

Skill      XL: |  1  2 |
---------------+-------+-----
Long Blades    | 2 |  2.4
Armour         | 3 |  3.2
Shields        | 3 |  3.2
Fighting       | |  3.5

Action                   |  1- 3 |  4- 6 || total
-------------------------+-------+-------++-------
Melee: Long sword        |   112 |     5 ||   117
Armor: Scale mail        |    79 |    16 ||    95
Dodge: Dodged            |    33 |     9 ||    42
Block: Kite shield       |    69 |    14 ||    83
       Rpst.: Long sword |    17 |     2 ||    19

Table legend:
 A = Non-vault XP
 B = Vault XP
 C = Vault XP percentage of total XP
 D = Non-vault monster count
 E = Vault monster count
 F = Vault count percentage of total count
                 A         B        C        D         E       F
            +---------+---------+-------+---------+---------+-------
      Total |      63 |      37 |  37.0 |      26 |      16 |  38.1
            +---------+---------+-------+---------+---------+-------
        D:1 |      31 |       5 |  13.9 |      16 |       5 |  23.8
        D:2 |      32 |      32 |  50.0 |      10 |      11 |  52.4
            +---------+---------+-------+---------+---------+-------
